 Dungeon Crawl Stone Soup version 0.18-a0-1084-g259f6cf (webtiles) character file.

67 Reinor the Ruffian (level 4, -3/37 (38) HPs)
             Began as a Ghoul Monk on Jan 15, 2016.
             Slain by Crazy Yiuf
             ... wielding a +2 quarterstaff of chaos
              (24 damage)
             ... on level 2 of the Dungeon.
             The game lasted 00:07:29 (1678 turns).

Reinor the Ruffian (Ghoul Monk)                     Turns: 1678, Time: 00:07:29

HP:   -3/37 (38)    AC:  3    Str: 14    XL:     4   Next: 18%
MP:   3/3           EV: 13    Int:  5    God:
Gold: 63            SH:  2    Dex: 12    Spells: 0 memorised, 3 levels left

rFire  . . .     SeeInvis .       - Unarmed
rCold  + . .     Gourm    .     a - +0 robe
rNeg   + + +     Faith    .     (no shield)
rPois  ∞         Spirit   .     (no helmet)
rElec  .         Dismiss  .     o - +0 cloak
rCorr  .         Reflect  +     (no gloves)
SustAt .         Harm     .     (no boots)
MR     .....                    r - +2 amulet of reflection
Stlth  ++........               (no ring)
                                (no ring)

@: rotting, not resistant to hostile enchantments, unstealthy
A: rotting body, claws 1, carnivore 3, cold resistance 1, negative energy
resistance 3, slow regeneration 1, torment resistance, unbreathing
a: no special abilities


You were on level 2 of the Dungeon.
You were not hungry.

You visited 1 branch of the dungeon, and saw 2 of its levels.

You collected 63 gold pieces.

Inventory:

Missiles
 c - 44 poisoned needles
Armour
 a - a +0 robe (worn)
 o - a +0 cloak (worn)
Rods
 q - a +1 rod of the swarm (5/10)
   (You found it on level 2 of the Dungeon)
Jewellery
 r - a +2 amulet of reflection (around neck)
Potions
 f - a potion of heal wounds {unknown}
 g - a potion of beneficial mutation {unknown}
 s - a potion of lignification {unknown}
Books
 l - a book of Air

   Spells                             Type                      Level
   a - Shock                          Conjuration/Air              1
   b - Swiftness                      Charms/Air                   2
   c - Repel Missiles                 Charms/Air                   2
   d - Static Discharge               Conjuration/Air              3
   e - Lightning Bolt                 Conjuration/Air              5
Comestibles
 b - 2 meat rations
 m - 5 chunks of flesh
 n - a beef jerky


   Skills:
 - Level 3.2 Fighting
 + Level 2.9 Dodging
 - Level 2.1 Stealth
 - Level 6.0 Unarmed Combat


You had 3 spell levels left.
You didn't know any spells.

Dungeon Overview and Level Annotations

Branches:
Dungeon (2/15)

Altars:

Annotations:
D:2 Crazy Yiuf


Innate Abilities, Weirdness & Mutations

Your body is rotting away.
You thrive on raw meat.
You are immune to poison.
You have sharp fingernails.
You are carnivorous and can eat meat at any time.
Your flesh is cold resistant.
You are immune to negative energy.
You regenerate slowly when monsters are visible.
You are immune to unholy pain and torment.
You can survive without breathing.


Message History

Okay, then.
Crazy Yiuf is nearby!
Wield which item (- for none, * to show all)? (? for menu, Esc to quit)
Okay, then.
Wield which item (- for none, * to show all)? (? for menu, Esc to quit)
You are now empty-clawed.
You scratch Crazy Yiuf but do no damage.
Crazy Yiuf is moderately wounded.
Crazy Yiuf yells, "Gnoll agre action!"
Crazy Yiuf drinks a potion.
Crazy Yiuf seems to grow stronger.
Your scorpion stings Crazy Yiuf.
You scratch Crazy Yiuf.
Crazy Yiuf is severely wounded.
You block Crazy Yiuf's attack.
Your scorpion stings Crazy Yiuf.
You completely miss Crazy Yiuf.
Crazy Yiuf is severely wounded.
Crazy Yiuf hits you with a quarterstaff of chaos!
You convulse!!
Ouch! That really hurt!
You die...

#.#####################
#.....................#
#.###################.#
##### #...# #.# #....
###.# #.# #.### #.#
##.######.#.. #.#
######.......#.#.# #.#
#sg.....####.#.#.#
####'### #@#.#..g.#
#.#.# .......##
#.###+..'# #..<.
........########.#
#....# #.#.#
........#........#
♣....♣ #.#.#
........#.#####..#
♣.§§♣♣ #.#.#
........#.# #..# ♣♣§♣♣
#.#.# ........#.# #..#
♣§♣♣ #.#.# ........#.#
#..# ♣♣§♣ #.#.#
.......##.# #.## ♣§♣
##.#.#


You could see Crazy Yiuf and a friendly scorpion.

Vanquished Creatures
  3 adders (D:2)
  An ooze (D:1)
  A worm (D:2)
  2 giant geckos (D:1)
  A ball python (D:1)
  3 giant cockroaches
  2 goblins
  3 hobgoblins
  5 bats
  A giant newt (D:1)
  4 kobolds
  9 rats
35 creatures vanquished.

Notes
Turn   | Place    | Note
--------------------------------------------------------------
     0 | D:1      | Reinor the Ghoul Monk began the quest for the Orb.
     0 | D:1      | Reached XP level 1. HP: 19/19 MP: 0/0
   120 | D:1      | Reached skill level 5 in Unarmed Combat
   120 | D:1      | Reached XP level 2. HP: 20/26 MP: 1/1
   472 | D:1      | Reached XP level 3. HP: 22/31 MP: 2/2
   993 | D:2      | Identified a +0 rod of the swarm (9/9) (You found it on level 2 of the Dungeon)
  1494 | D:2      | Reached skill level 6 in Unarmed Combat
  1494 | D:2      | Reached XP level 4. HP: 38/38 MP: 3/3
  1587 | D:2      | Noticed Crazy Yiuf
  1678 | D:2      | Slain by Crazy Yiuf

Vault maps used:
D:1:      eino_arrival_cavern_c, minivault_11
D:2:      serial_corexii_hall, corexii_hall_statues_deadend,
          corexii_hall_statues_i, first_bread, uniq_crazy_yiuf_cottage

Action                   |  1- 3 |  4- 6 || total
-------------------------+-------+-------++-------
Melee: Unarmed           |   110 |     9 ||   119
Evoke: Rod               |       |     1 ||     1
  Use: Scroll            |       |     6 ||     6
 Stab: Sleeping          |     3 |       ||     3
  Eat: Chunk             |    14 |       ||    14
